 Dungeon Crawl Stone Soup version 0.30-a0-141-g30f27751c5 (webtiles) character file.

Game seed: 886107863170674858

2910 qw the Cleaver (level 9, -7/82 HPs)
             Began as a Gargoyle Fighter on Sept 25, 2022.
             Was an Elder of Okawaru.
             Mangled by Maggie
             ... wielding a +0 long sword of distortion
              (18 damage)
             ... on level 7 of the Dungeon.
             The game lasted 00:02:14 (6811 turns).

qw the Cleaver (Gargoyle Fighter)                   Turns: 6811, Time: 00:02:15

Health: -7/82      AC: 24    Str: 24    XL:     9   Next: 78%
Magic:  12/12      EV:  2    Int:  9    God:    Okawaru [****..]
Gold:   127        SH:  6    Dex:  9    Spells: 8/8 levels left

rFire   . . .      SeeInvis .    Y - +1 war axe
rCold   . . .      Faith    .    c - +0 buckler
rNeg    + . .      Spirit   .    (body armour currently unavailable)
rPois   inf        Reflect  .    (helmet currently unavailable)
rElec   .          Harm     .    (cloak currently unavailable)
rCorr   .          Rampage  .    (gloves currently unavailable)
Will    .....      NoTele   +    (boots currently unavailable)
Stlth   +++.......               (no amulet)
HPRegen 0.23/turn                (no ring)
MPRegen 0.13/turn                (no ring)

@: tree-form (expiring), heroic, mesmerised
A: stationary, stasis, torment immunity, boosted hp, sickness immunity, AC +6,
negative energy resistance 1, (electricity resistance), torment resistance 1,
petrification resistance
a: Renounce Religion, Heroism, Finesse


You were on level 7 of the Dungeon.
You worshipped Okawaru.
Okawaru was greatly pleased with you.
You were a tree.
You visited 1 branch of the dungeon, and saw 7 of its levels.

You collected 297 gold pieces.
You spent 170 gold pieces at shops.


Innate Abilities, Weirdness & Mutations

You are a tree.
Your roots penetrate the ground, keeping you stationary.
You cannot be teleported.
You are immune to unholy pain and torment.
Your maximum health is greatly increased.
Your equipment is partially melded.
You are immune to sickness and miasma.
((Your stone body is resilient. (AC +6)))
You are immune to poison.
You resist negative energy. (rN+)
((You are resistant to electric shocks. (rElec)))
You are resistant to unholy torment.
You are immune to petrification.


   Skills:
 + Level 6.1(11.1) Fighting
 - Level 9.0(14.0) Axes
 - Level 1.1(6.1) Throwing
 - Level 6.8(11.8) Armour
 - Level 1.6(6.6) Dodging
 - Level 4.3(9.3) Shields
 + Level 4.1 Invocations


You had 8 spell levels left.
You didn't know any spells.
Your spell library was empty.

Inventory:

Hand Weapons
 g - a +0 flail
 Y - a +1 war axe (weapon)
Missiles
 j - 3 boomerangs (quivered)
Armour
 c - a +0 buckler (worn)
 e - a +2 plate armour (melded)
Jewellery
 a - a ring of protection from fire
Scrolls
 m - 7 scrolls of identify
 n - a scroll of vulnerability {unknown}
Potions
 b - a potion of cancellation
 d - 4 potions of might
 h - a potion of lignification
 i - 2 potions of attraction
 k - a potion of mutation {unknown}
 l - a potion of ambrosia {unknown}

Dungeon Overview and Level Annotations

Branches:
Dungeon (7/15)             Temple (0/1) D:6

Altars:
Cheibriados
Hepliaklqana
Makhleb
Okawaru
Ru
Xom
Yredelemnul
Zin

Shops:
D:7 ?

Annotations:
D:5 2 transporters
D:7 Maggie


Message History

You hit Pikel but do no damage.
Pikel is severely wounded.
Maggie gestures wildly while chanting.
Maggie draws you further into her thrall.
The wight hits you but does no damage. You block Pikel's attack.
You closely miss Pikel.
Pikel is severely wounded.
The wight hits you from afar with a +0 trident.
Pikel hits you but does no damage.
You closely miss Pikel.
Pikel is severely wounded.
The wight barely misses you. Pikel hits you but does no damage.
You slash Pikel!
You kill Pikel!
Okawaru is honoured by your kill.
You can now speed up your combat.
Your base Armour skill gained 2 levels and is now at level 6!
Your transformation is almost over.
The wight hits you from afar with a +0 trident.
You closely miss Maggie.
Maggie is lightly wounded.
Maggie hits you but does no damage. The wight hits you but does no damage.
You hit Maggie.
Maggie is lightly wounded.
Maggie hits you but does no damage. Space warps around you.
The wight hits you but does no damage.
You slice Maggie!!
Maggie is heavily wounded.
You block Maggie's attack. The wight hits you but does no damage.
You hit Maggie but do no damage.
Maggie is heavily wounded.
Maggie hits you but does no damage. Space warps horribly around you!
The wight hits you but does no damage.
You slash Maggie!
Maggie is severely wounded.
Maggie hits you but does no damage.
The wight hits you from afar with a +0 trident.
You hit Maggie.
Maggie is severely wounded.
Maggie hits you but does no damage. Space warps horribly around you!!
You die...

######### ..##...# ###
#.##...# ... #.##...####
##.####.........######
###.......<.............
.##.......................
.. ..#.7.........#.#....
#.##.#@##.........###... #
..[.z.........##.#..$.
##..##)#)##...###.###)###
.........##...# #.# #...#
..........$...# #.# #...#
##..##.#####..# #.###...##
....... #..# #......... #
..... ...# #.........


You could see Maggie (mesmerising) and a wight.

Vanquished Creatures
  Pikel (D:7)
  3 ice beasts
  3 black bears
  2 ogres (D:5)
  3 centaurs
  4 lemures (D:7)
  2 kobold brigands
  2 phantoms (D:5)
  A bullfrog (D:5)
  4 scorpions
  2 necrophages
  2 wights (D:7)
  A jelly (D:6)
  2 howler monkeys
  2 hounds (D:6)
  A gnoll bouda (D:6)
  2 orc priests
  2 iguanas
  7 orc wizards
  5 gnolls (D:6)
  3 adders
  3 worms
  2 dart slugs (D:2)
  13 orcs
  5 endoplasms
  2 giant cockroaches (D:4)
  5 goblins
  7 hobgoblins
  6 jackals
  3 quokkas (D:3)
  5 ball pythons
  2 bats
  2 frilled lizards
  19 kobolds
  6 rats
134 creatures vanquished.

Notes
Turn   | Place    | Note
-------+----------+-------------------------------------------
     0 | D:1      | qw the Gargoyle Fighter began the quest for the Orb.
     0 | D:1      | Reached XP level 1. HP: 14/14 MP: 1/1
     0 | D:1      | 0 ||| qw: Version: 0.2-a-10-g399e6c4
     0 | D:1      | 0 ||| qw: Game counter: 297
     0 | D:1      | 0 ||| qw: Always use a shield: true
     0 | D:1      | 0 ||| qw: God list: Okawaru
     0 | D:1      | 0 ||| qw: Allow faded altars: false
     0 | D:1      | 0 ||| qw: Do Orc after D:15 true
     0 | D:1      | 0 ||| qw: Do second Lair branch before Depths: true
     0 | D:1      | 0 ||| qw: Lair rune preference: random
     0 | D:1      | 0 ||| qw: Plans: Normal, Zot:1-4, God:TSO, Crypt, Tomb,
                  | Pan, Slime:5, Hells, Abyss, Orb
     0 | D:1      | 0 ||| PLANNING D:1-11
    50 | D:1      | Reached skill level 2 in Axes
   403 | D:1      | Reached XP level 2. HP: 13/19 MP: 2/2
  1030 | D:1      | Reached skill level 3 in Axes
  1163 | D:1      | 1163 ||| READING scroll labelled HYHA FENWEIZ.
  1164 | D:1      | 1164 ||| READING scroll labelled MUCRIX ZAESIUS.
  1165 | D:1      | 1165 ||| DRINKING 2 murky cyan potions.
  1237 | D:2      | Reached XP level 3. HP: 23/23 MP: 3/3
  1299 | D:2      | Found a snail-covered altar of Cheibriados.
  1394 | D:2      | 1394 ||| Stepping ~*~*~tactically~*~*~ (hiding).
  1485 | D:2      | 1485 ||| Stepping ~*~*~tactically~*~*~ (hiding).
  1487 | D:2      | 1487 ||| Stepping ~*~*~tactically~*~*~ (hiding).
  1694 | D:2      | Found a faded altar of an unknown god.
  1710 | D:2      | 1710 ||| Stepping ~*~*~tactically~*~*~ (stealth).
  1713 | D:2      | 1713 ||| Stepping ~*~*~tactically~*~*~ (stealth).
  1714 | D:2      | 1714 ||| Stepping ~*~*~tactically~*~*~ (stealth).
  1715 | D:2      | 1715 ||| Stepping ~*~*~tactically~*~*~ (stealth).
  1716 | D:2      | 1716 ||| Stepping ~*~*~tactically~*~*~ (stealth).
  1941 | D:2      | 1941 ||| UPGRADING to +0 chain mail.
  1951 | D:2      | 1951 ||| DROPPING +0 scale mail.
  1952 | D:2      | 1952 ||| READING scroll labelled NEACEM QUWKYPP.
  1953 | D:2      | 1953 ||| DROPPING scroll of immolation.
  2001 | D:3      | 2001 ||| DROPPING +0 mace.
  2002 | D:3      | 2002 ||| DROPPING +0 club.
  2010 | D:3      | 2010 ||| Stepping ~*~*~tactically~*~*~ (stealth).
  2017 | D:3      | Reached skill level 4 in Axes
  2017 | D:3      | Reached XP level 4. HP: 16/28 MP: 4/4
  2065 | D:3      | 2065 ||| FLEEEEING.
  2066 | D:3      | 2066 ||| FLEEEEING.
  2067 | D:3      | 2067 ||| FLEEEEING.
  2068 | D:3      | 2068 ||| FLEEEEING.
  2069 | D:3      | 2069 ||| FLEEEEING.
  2070 | D:3      | 2070 ||| FLEEEEING.
  2071 | D:3      | 2071 ||| FLEEEEING.
  2074 | D:3      | 2074 ||| FLEEEEING.
  2075 | D:3      | 2075 ||| FLEEEEING.
  2078 | D:3      | 2078 ||| FLEEEEING.
  2079 | D:3      | 2079 ||| FLEEEEING.
  2080 | D:3      | 2080 ||| FLEEEEING.
  2081 | D:3      | 2081 ||| FLEEEEING.
  2082 | D:3      | 2082 ||| FLEEEEING.
  2084 | D:3      | 2084 ||| FLEEEEING.
  2085 | D:3      | 2085 ||| FLEEEEING.
  2087 | D:3      | 2087 ||| FLEEEEING.
  2088 | D:3      | 2088 ||| FLEEEEING.
  2089 | D:3      | 2089 ||| FLEEEEING.
  2090 | D:3      | 2090 ||| STAIRDANCE
  2311 | D:3      | Noticed a scorpion
  2324 | D:3      | Killed a scorpion
  2325 | D:3      | Reached XP level 5. HP: 30/32 MP: 5/5
  2443 | D:3      | 2443 ||| Stepping ~*~*~tactically~*~*~ (stealth).
  2501 | D:3      | 2501 ||| Stepping ~*~*~tactically~*~*~ (stealth).
  2954 | D:3      | Reached skill level 5 in Axes
  3115 | D:3      | 3115 ||| READING scroll labelled WIRONG OFFIUNOIM.
  3119 | D:3      | 3119 ||| READING scroll labelled YTEMAYXINEC.
  3220 | D:3      | 3220 ||| READING scroll labelled GIPPAF IVUE.
  3221 | D:3      | 3221 ||| DRINKING 2 sedimented inky potions.
  3243 | D:4      | Found a burning altar of Makhleb.
  3278 | D:4      | Found a shimmering altar of Xom.
  3281 | D:4      | Found an iron altar of Okawaru.
  3282 | D:4      | 3282 ||| PLANNING OKAWARU WORSHIP
  3294 | D:4      | Became a worshipper of Warmaster Okawaru
  3295 | D:4      | 3295 ||| PLANNING D:1-11
  3348 | D:4      | 3348 ||| Stepping ~*~*~tactically~*~*~ (stealth).
  3434 | D:4      | 3434 ||| Stepping ~*~*~tactically~*~*~ (stealth).
  3435 | D:4      | 3435 ||| Stepping ~*~*~tactically~*~*~ (hiding).
  3436 | D:4      | 3436 ||| Stepping ~*~*~tactically~*~*~ (hiding).
  3449 | D:4      | Reached XP level 6. HP: 15/38 MP: 6/6
  3449 | D:4      | 3449 ||| DRINKING potion of curing.
  3449 | D:4      | 3449 ||| (to cure confusion)
  3457 | D:4      | HP: 8/38 [something (2)]
  3463 | D:4      | HP: 3/38 [something (3)]
  3894 | D:4      | 3894 ||| UPGRADING to +0 plate armour.
  3904 | D:4      | 3904 ||| DROPPING +0 chain mail.
  3905 | D:4      | 3905 ||| READING scroll labelled VOIMAI DARI.
  3906 | D:4      | 3906 ||| READING scroll labelled ROHADD ICAINA.
  3907 | D:4      | 3907 ||| DRINKING 2 metallic white potions.
  3917 | D:5      | Entered Level 5 of the Dungeon
  3951 | D:5      | Reached * piety under Okawaru
  3952 | D:5      | Reached skill level 6 in Axes
  4008 | D:5      | Identified the +9 spear "Usummup" {drain, Int+6}
  4051 | D:5      | Noticed an ice beast
  4052 | D:5      | 4052 ||| Stepping ~*~*~tactically~*~*~ (stealth).
  4053 | D:5      | 4053 ||| INVOKING Heroism.
  4065 | D:5      | Killed an ice beast
  4066 | D:5      | Reached XP level 7. HP: 12/43 MP: 5/7
  4066 | D:5      | 4066 ||| INVOKING Heroism.
  4074 | D:5      | Reached skill level 1 in Invocations
  4323 | D:5      | 4323 ||| INVOKING Heroism.
  4327 | D:5      | Reached skill level 7 in Axes
  4332 | D:5      | Reached skill level 3 in Invocations
  4477 | D:5      | Found a basalt altar of Yredelemnul.
  4485 | D:5      | Reached ** piety under Okawaru
  4486 | D:5      | Reached XP level 8. HP: 48/48 MP: 10/10
  4505 | D:5      | Found a transporter.
  4518 | D:5      | 4518 ||| INVOKING Heroism.
  4563 | D:5      | 4563 ||| INVOKING Heroism.
  4568 | D:5      | Reached skill level 1 in Dodging
  4964 | D:5      | 4964 ||| INVOKING Heroism.
  5223 | D:5      | Found a transporter.
  5228 | D:5      | 5228 ||| DROPPING amulet of guardian spirit.
  5229 | D:5      | 5229 ||| READING scroll labelled LAM YNAMITICIRCH.
  5230 | D:5      | 5230 ||| READING scroll labelled PUPNAB FETTUIV.
  5231 | D:5      | 5231 ||| DRINKING 2 grey potions.
  5232 | D:5      | 5232 ||| DROPPING potion of degeneration.
  5443 | D:6      | 5443 ||| INVOKING Heroism.
  5447 | D:6      | 5447 ||| Stepping ~*~*~tactically~*~*~ (stealth).
  5469 | D:6      | Found a staircase to the Ecumenical Temple.
  5503 | D:6      | Reached skill level 8 in Axes
  5720 | D:6      | 5720 ||| Stepping ~*~*~tactically~*~*~ (stealth).
  5722 | D:6      | 5722 ||| INVOKING Heroism.
  5731 | D:6      | Reached skill level 1 in Throwing
  5783 | D:6      | Found a snail-covered altar of Cheibriados.
  5783 | D:6      | Found a hazy altar of Hepliaklqana.
  5783 | D:6      | Found a glowing silver altar of Zin.
  5783 | D:6      | Found a sacrificial altar of Ru.
  5817 | D:6      | Reached XP level 9. HP: 55/55 MP: 12/12
  5842 | D:6      | Reached skill level 6 in Fighting
  5868 | D:6      | 5868 ||| INVOKING Heroism.
  5873 | D:6      | Reached *** piety under Okawaru
  6237 | D:6      | 6237 ||| INVOKING Heroism.
  6258 | D:6      | 6258 ||| INVOKING Heroism.
  6266 | D:6      | Reached skill level 9 in Axes
  6392 | D:6      | 6392 ||| READING scroll of enchant armour.
  6392 | D:6      | 6392 ||| ENCHANTING +0 plate armour.
  6508 | D:6      | 6508 ||| READING scroll labelled MAPSIO TUFIJO.
  6568 | D:6      | 6568 ||| READING 3 scrolls labelled MIALUE KOIN.
  6569 | D:6      | 6569 ||| READING 3 scrolls of identify.
  6569 | D:6      | 6569 ||| IDENTIFYING clear potion
  6570 | D:6      | 6570 ||| READING 2 scrolls of identify.
  6570 | D:6      | 6570 ||| IDENTIFYING emerald potion
  6571 | D:6      | 6571 ||| DROPPING 2 scrolls of summoning.
  6620 | D:7      | Found Xonuuheh's Magic Scroll Shop.
  6630 | D:7      | 6630 ||| BUYING scroll of enchant armour (82 gold).
  6630 | D:7      | Bought a scroll of enchant armour for 82 gold pieces
  6630 | D:7      | 6630 ||| BUYING scroll of identify (22 gold).
  6630 | D:7      | Bought a scroll of identify for 22 gold pieces
  6630 | D:7      | 6630 ||| BUYING scroll of identify (22 gold).
  6630 | D:7      | Bought a scroll of identify for 22 gold pieces
  6630 | D:7      | 6630 ||| BUYING scroll of identify (22 gold).
  6630 | D:7      | Bought a scroll of identify for 22 gold pieces
  6630 | D:7      | 6630 ||| BUYING scroll of identify (22 gold).
  6630 | D:7      | Bought a scroll of identify for 22 gold pieces
  6630 | D:7      | 6630 ||| READING scroll of enchant armour.
  6630 | D:7      | 6630 ||| ENCHANTING +1 plate armour.
  6671 | D:7      | 6671 ||| Stepping ~*~*~tactically~*~*~ (hiding).
  6672 | D:7      | 6672 ||| Stepping ~*~*~tactically~*~*~ (hiding).
  6690 | D:7      | 6690 ||| INVOKING Heroism.
  6718 | D:7      | 6718 ||| Stepping ~*~*~tactically~*~*~ (hiding).
  6719 | D:7      | 6719 ||| Stepping ~*~*~tactically~*~*~ (hiding).
  6756 | D:7      | Noticed Pikel
  6757 | D:7      | 6757 ||| Stepping ~*~*~tactically~*~*~ (hiding).
  6759 | D:7      | 6759 ||| Stepping ~*~*~tactically~*~*~ (hiding).
  6760 | D:7      | 6760 ||| Stepping ~*~*~tactically~*~*~ (hiding).
  6761 | D:7      | 6761 ||| Stepping ~*~*~tactically~*~*~ (hiding).
  6762 | D:7      | 6762 ||| Stepping ~*~*~tactically~*~*~ (hiding).
  6763 | D:7      | 6763 ||| Stepping ~*~*~tactically~*~*~ (hiding).
  6764 | D:7      | 6764 ||| INVOKING Heroism.
  6766 | D:7      | Noticed Maggie
  6787 | D:7      | 6787 ||| Stepping ~*~*~tactically~*~*~ (hiding).
  6789 | D:7      | HP: 8/55 [Pikel/+0 whip of flaming (7)]
  6790 | D:7      | 6790 ||| DRINKING potion of heal wounds.
  6791 | D:7      | 6791 ||| INVOKING Heroism.
  6804 | D:7      | Killed Pikel
  6804 | D:7      | Reached **** piety under Okawaru
  6805 | D:7      | Reached skill level 6 in Armour
  6809 | D:7      | HP: 14/82 [Maggie/+0 long sword of distortion (15)]
  6811 | D:7      | Mangled by Maggie

Levels and vault maps discovered:
D:1:      psy_arrival_spokes, layout_loops_cross
D:2:      layout_basic, basic_altar, hellmonk_ecumenical_altar_blasted
D:3:      layout_basic, nrook_uturn, minmay_cut_off
D:4:      layout_rooms, grunt_temple_overflow_open
D:5:      gammafunk_cloud_chamber, layout_loops_ring,
          mainiacjoe_overflow_alcove_2, nicolae_underground_beach
D:6:      layout_loops_corners, grunt_temple_overflow_cloverleaf,
          minmay_temple_entry_slanted
D:7:      layout_loops_ring, serial_shops, nicolae_lakefront_shop, uniq_maggie,
          uniq_pikel

Skill      XL: |  1  2  3  4  5  6  7  8  9 |
---------------+----------------------------+-----
Axes           | 2 3 4 5 6 7 8 9 |  9.0
Fighting       | 4 5 6 |  6.1
Invocations    | 3 4 |  4.1
Dodging        | 1 |  1.6
Armour         | 4 6 |  6.8
Throwing       | 1 |  1.1
Shields        | 4 |  4.3

Action                   |  1- 3 |  4- 6 |  7- 9 || total
-------------------------+-------+-------+-------++-------
Melee: War axe           |    93 |   136 |   197 ||   426
Throw: Boomerang         |       |       |    19 ||    19
Invok: Heroism           |       |     1 |    13 ||    14
  Use: Scroll            |     3 |     5 |     8 ||    16
       Potion            |     1 |     3 |     2 ||     6
Armor: Scale mail        |    38 |       |       ||    38
       Chain mail        |     2 |    95 |       ||    97
       Plate armour      |       |     6 |   113 ||   119
       Skin              |       |       |    15 ||    15
Dodge: Dodged            |    38 |    37 |    60 ||   135
Block: Buckler           |    15 |    24 |    40 ||    79

Table legend:
 A = Non-vault XP
 B = Vault XP
 C = Vault XP percentage of total XP
 D = Non-vault monster count
 E = Vault monster count
 F = Vault count percentage of total count
                 A         B        C        D         E       F
            +---------+---------+-------+---------+---------+-------
      Total |    3466 |     692 |  16.6 |     126 |       4 |   3.1
            +---------+---------+-------+---------+---------+-------
        D:1 |      33 |       0 |   0.0 |      21 |       0 |   0.0
        D:2 |      31 |       0 |   0.0 |      13 |       0 |   0.0
        D:3 |     158 |       7 |   4.2 |      20 |       3 |  13.0
        D:4 |     268 |       0 |   0.0 |      16 |       0 |   0.0
        D:5 |    1359 |       0 |   0.0 |      22 |       0 |   0.0
        D:6 |    1111 |       0 |   0.0 |      28 |       0 |   0.0
        D:7 |     506 |     685 |  57.5 |       6 |       1 |  14.3
            +---------+---------+-------+---------+---------+-------
